 Dungeon Crawl Stone Soup version 0.24.0-1-gfbc8707 (webtiles) character file.

Game seed: 2103677561114880322, levelgen mode: deterministic

721 silenth the Archer (level 7, -8/62 HPs)
             Began as a Minotaur Hunter on Oct 26, 2019.
             Mangled by a two-headed ogre
             ... wielding a cursed -3 dire flail
              (17 damage)
             ... on level 4 of the Dungeon.
             The game lasted 00:05:40 (3587 turns).

silenth the Archer (Minotaur Hunter)                Turns: 3587, Time: 00:05:40

Health: -8/62      AC: 12    Str: 19    XL:     7   Next: 42%
Magic:  6/6        EV: 12    Int:  8    God:
Gold:   171        SH:  0    Dex: 10    Spells: 3/6 levels left

rFire    . . .     SeeInvis .   a - +1 shortbow
rCold    + . .     Gourm    .   (shield currently unavailable)
rNeg     . . .     Faith    .   p - +2 chain mail {rC+}
rPois    .         Spirit   .   (helmet restricted)
rElec    .         Reflect  .   (no cloak)
rCorr    .         Harm     .   (no gloves)
MR       .....                  j - +0 pair of boots
Stlth    ..........             (no amulet)
HPRegen  0.20/turn              m - +4 ring of evasion
MPRegen  0.10/turn              (no ring)

@: no status effects
A: retaliatory headbutt, horns 2
a: no special abilities


You were on level 4 of the Dungeon.
You were not hungry.

You visited 1 branch of the dungeon, and saw 4 of its levels.

You collected 171 gold pieces.

Inventory:

Hand Weapons
 a - a +1 shortbow (weapon)
 b - a +0 quarterstaff
 y - a +0 short sword
Missiles
 d - 30 arrows (quivered)
 o - 2 curare-tipped darts
Armour
 j - a +0 pair of boots (worn)
 p - a +2 chain mail of cold resistance (worn)
Jewellery
 m - a +4 ring of evasion (left hand)
Wands
 v - a wand of disintegration (7)
Scrolls
 f - 9 scrolls of identify {unknown}
 h - 4 scrolls of remove curse {unknown}
 i - 2 scrolls of teleportation {unknown}
 k - 4 scrolls of enchant weapon {unknown}
 q - a scroll of enchant armour {unknown}
 r - 2 scrolls of amnesia {unknown}
Potions
 c - a potion of cancellation {unknown}
 g - a potion of flight {unknown}
 l - a potion of haste
 n - 2 potions of mutation {unknown}
 s - a potion of curing {unknown}
 t - a potion of might {unknown}
 u - a potion of heal wounds {unknown}
 w - a potion of agility {unknown}
 x - a potion of ambrosia {unknown}
Comestibles
 e - 7 rations


   Skills:
 + Level 5.7 Fighting
 * Level 8.2 Bows
 - Level 3.1 Armour
 - Level 2.1 Dodging
 - Level 0.7 Stealth


You had 3 spell levels left.
You knew the following spells:

 Your Spells              Type           Power        Failure   Level  Hunger
a - Apportation           Tloc           #.....       99%         1    ##.....
b - Animate Skeleton      Necr           N/A          99%         1    ##.....
c - Confusing Touch       Hex            #.....       99%         1    ##.....

Your spell library contained the following spells:

 Spells                   Type           Power        Failure   Level  Hunger
 Summon Small Mammal      Summ           #...         99%         1    ##.....


Dungeon Overview and Level Annotations

Branches:
Dungeon (4/15)
 Temple: D:4-7

Altars:
Hepliaklqana
Makhleb
Yredelemnul

Annotations:
D:4 2 transporters, 1 runed translucent door


Innate Abilities, Weirdness & Mutations

You reflexively headbutt those who attack you in melee.
You have a pair of horns on your head.


Message History

Aim: a two-headed ogre, wielding a -3 dire flail and a -3 giant club (severely wounded)
You shoot an arrow.
The arrow barely misses the two-headed ogre.
The two-headed ogre hits you with a cursed -3 dire flail!
* * * LOW HITPOINT WARNING * * *
The two-headed ogre hits you with a cursed -3 giant club.
* * * LOW HITPOINT WARNING * * *
Firing (i - inventory. (/) - cycle)
d - 32 arrows (quivered)
Press: ? - help, Shift-Dir - straight line, f/p - two-headed ogre
Aim: a two-headed ogre, wielding a -3 dire flail and a -3 giant club (heavily wounded)
You shoot an arrow. The arrow hits the two-headed ogre!
The two-headed ogre is almost dead.
Firing (i - inventory. (/) - cycle)
d - 31 arrows (quivered)
Press: ? - help, Shift-Dir - straight line, f/p - two-headed ogre
Aim: a two-headed ogre, wielding a -3 dire flail and a -3 giant club (almost dead)
You shoot an arrow. The arrow hits the two-headed ogre.
The two-headed ogre is almost dead.
The two-headed ogre hits you but does no damage.
The two-headed ogre hits you with a cursed -3 giant club!
You die...

..#...## #.......# ..#...# ..
#.......# ..'...# ... #.(.....#
..#...# (..#######.......#
..###'# ................#
...#..######..............#
...#....#..#..............#
...#....'..#....O.........#
...#'#######....@.........#
..##.#########..[.#########
..#..........#....# ###
..#........).#.<..# #.###
..#..........#....# #...##
..#..........'....# #....#
..#..........#....# #...####
..##.##..###+#....##### #...#...
+###.##..#............#####..#...


You could see a two-headed ogre.

Vanquished Creatures
  Grinder (D:3)
  Sigmund (D:3)
  A bullfrog (D:4)
  A hound (D:3)
  An orc wizard (D:4)
  A human skeleton (D:4)
  Ijyb (D:3)
  Natasha (D:2)
  3 adders
  3 gnolls
  2 oozes
  An adder skeleton (D:4)
  6 worms
  2 dart slugs (D:2)
  7 orcs
  12 bats
  6 giant cockroaches
  10 goblins
  9 hobgoblins
  9 jackals
  A quokka (D:2)
  A ball python skeleton (D:4)
  3 frilled lizards
  2 goblin zombies (D:4)
  4 kobolds
  9 rats
98 creatures vanquished.

Notes
Turn   | Place    | Note
-------+----------+-------------------------------------------
     0 | D:1      | silenth the Minotaur Hunter began the quest for the Orb.
     0 | D:1      | Reached XP level 1. HP: 18/18 MP: 0/0
   132 | D:1      | Reached XP level 2. HP: 25/25 MP: 1/1
   382 | D:1      | Reached skill level 5 in Bows
   490 | D:1      | Reached skill level 3 in Fighting
   701 | D:2      | Reached XP level 3. HP: 25/31 MP: 2/2
  1203 | D:2      | Reached XP level 4. HP: 36/38 MP: 3/3
  1286 | D:2      | Found a burning altar of Makhleb.
  1342 | D:2      | Noticed Natasha
  1347 | D:2      | Killed Natasha
  1347 | D:2      | Reached skill level 6 in Bows
  1368 | D:2      | You fall into a shaft and drop 1 floor!
  1411 | D:3      | Reached skill level 4 in Fighting
  1783 | D:3      | Reached XP level 5. HP: 45/46 MP: 4/4
  2111 | D:3      | Noticed Sigmund
  2112 | D:3      | Found a hazy altar of Hepliaklqana.
  2209 | D:3      | Killed Sigmund
  2209 | D:3      | Reached skill level 7 in Bows
  2209 | D:3      | Reached skill level 2 in Armour
  2209 | D:3      | Reached XP level 6. HP: 36/53 MP: 5/5
  2402 | D:3      | Noticed Ijyb
  2411 | D:3      | Killed Ijyb
  2450 | D:3      | Learned a level 1 spell: Apportation
  2452 | D:3      | Learned a level 1 spell: Animate Skeleton
  2454 | D:3      | Learned a level 1 spell: Confusing Touch
  2630 | D:4      | Noticed Grinder
  2632 | D:4      | Paralysed by Grinder for 3 turns
  2652 | D:3      | Paralysed by Grinder for 5 turns
  2660 | D:3      | Paralysed by Grinder for 3 turns
  2671 | D:3      | Killed Grinder
  2671 | D:3      | Reached skill level 5 in Fighting
  2671 | D:3      | Reached skill level 3 in Armour
  2671 | D:3      | Reached XP level 7. HP: 31/61 MP: 6/6
  2859 | D:4      | Found a transporter.
  3200 | D:4      | Noticed a human
  3201 | D:4      | Found a runed translucent door.
  3217 | D:4      | Reached skill level 8 in Bows
  3321 | D:4      | Found a basalt altar of Yredelemnul.
  3379 | D:4      | Found a transporter.
  3381 | D:4      | Noticed a fire bat
  3382 | D:4      | Noticed a fire bat
  3561 | D:4      | Noticed a two-headed ogre
  3575 | D:4      | HP: 6/62 [two-headed ogre/cursed -3 dire flail (4)]
  3587 | D:4      | Mangled by a two-headed ogre

Levels and vault maps discovered:
D:1:      erik_arrival_triangle_small, layout_loops_ring,
          minmay_worlds_worst_comb
D:2:      layout_loops_ring, old_standard_altar, first_ration, uniq_natasha
D:3:      layout_basic, lemuel_crystal_altar, uniq_ijyb, uniq_sigmund
D:4:      gammafunk_cloud_chamber, layout_gridville, minmay_misc_feat_enclosed,
          dk_yredelemnul_ordeal, uniq_grinder

Skill      XL: |  1  2  3  4  5  6  7 |
---------------+----------------------+-----
Bows           | 5 6 7 8 |  8.2
Fighting       | 3 4 5 |  5.7
Armour         | 2 3 |  3.1
Dodging        | |  2.1
Stealth        | |  0.7

Action                   |  1- 3 |  4- 6 |  7- 9 || total
-------------------------+-------+-------+-------++-------
Melee: Short sword       |    57 |   138 |     2 ||   197
       Headbutt          |     6 |    31 |     3 ||    40
       Quarterstaff      |       |       |    22 ||    22
 Fire: Shortbow          |    18 |    41 |    10 ||    69
Throw: Dart              |       |     3 |       ||     3
Evoke: Wand              |       |       |     5 ||     5
  Use: Potion            |       |     1 |       ||     1
 Stab: Sleeping          |     2 |       |       ||     2
  Eat: Chunk             |     1 |     5 |       ||     6
       Ration            |       |       |     1 ||     1
Armor: Leather armour    |    25 |       |       ||    25
       Ring mail         |     2 |    18 |       ||    20
       Chain mail        |       |    53 |    28 ||    81
Dodge: Dodged            |    47 |   113 |    33 ||   193
